Kradschützen Motorcycle Team
Construct Light Support Kompanie
Construct Mechanized Kompanie
Kradschützen Motorcycle Team
Panzerjäger Mechanized Group
Marder III Tank Destroyer
Selects Panzerjäger Kommand Battlegroup
Selects Defensive Positions
Selects Butterfly Bomb Drop
Selects Crew Shock Tactics
Marder III Tank Destroyer
Marder III Tank Destroyer
Panzerjäger Mechanized Group
Construct Panzerarmee Kommand
Kradschützen Motorcycle Team